AoeStats
← SoggyCow

Arabia

509952648Analyzed
1v1 RM · 3d ago on Sep 28, 2026· 44m 30s· 2 players
Game mode
Random Map
Map size
Tiny (2 player)
Population
200
Speed
Normal
Resources
Standard
Victory
Conquest
Starting age
Dark Age
Ending age
Imperial Age
RankedLock teamsTeams togetherTeam positionsShared explorationLock speedFull tech treeHidden civsTurbo modeCheats
Victory
Defeat
🇺🇸 Persians · United States
872
+15
🇸🇮 Huns · Slovenia
854
-15
Zakolovski
5:44 Loom
10:32 Feudal Age
13:45 Man-at-Arms
35:33 Fletching
36:44 Padded Archer Armor
38:28 Forging
38:26 Scale Barding Armor
SoggyCow
6:48 Loom
20:46 Feudal Age
28:33 Double-Bit Axe
32:10 Horse Collar
33:12 Gold Mining
34:24 Bloodlines
40:03 Castle Age
43:32 Scale Barding Armor
43:38 Forging
Connection lost

Rejoining the realm…

Still unreachable

The connection could not be restored.

Session expired

The server has moved on; the page needs a fresh start.